AoeStats
← DonjonCad

Arena

510714886Analyzed
1v1 RM · 23h ago on Oct 2, 2026· 41m 9s· 2 players
Game mode
Random Map
Map size
Tiny (2 player)
Population
200
Speed
Normal
Resources
Standard
Victory
Conquest
Starting age
Dark Age
Ending age
Imperial Age
RankedLock teamsTeams togetherTeam positionsShared explorationLock speedFull tech treeHidden civsTurbo modeCheats
Victory
Defeat
🇩🇪 Romans · Germany
1078
+16
🇨🇳 Franks · China
1079
-16
DonjonCad
10:38 Feudal Age
14:38 Castle Age
12:58 Double-Bit Axe
13:41 Horse Collar
14:19 Gold Mining
15:33 Bow Saw
21:37 Wheelbarrow
26:48 Imperial Age
24:22 Loom
24:46 Fletching
25:02 Scale Barding Armor
26:06 Bodkin Arrow
26:33 Chain Barding Armor
26:55 Masonry
26:54 Town Watch
27:21 Stone Mining
28:04 Conscription
28:48 Architecture
29:49 Siege Engineers
30:53 Bloodlines
30:44 Husbandry
31:23 Plate Barding Armor
30:59 Forging
30:41 Cavalier
35:12 Iron Casting
36:03 Light Cavalry
37:26 Squires
36:47 Pikeman
37:41 Scale Mail Armor
38:42 Blast Furnace
38:02 Halberdier
41:46 Chain Mail Armor
流弊老师
5:23 Loom
11:45 Feudal Age
12:27 Town Watch
15:47 Castle Age
14:52 Double-Bit Axe
15:39 Stone Mining
23:20 Gold Mining
27:20 Imperial Age
26:28 Bow Saw
26:57 Wheelbarrow
27:34 Fletching
34:50 Pikeman
35:31 Squires
35:28 Halberdier
36:08 Cavalier
36:49 Husbandry
37:00 Forging
36:50 Scale Mail Armor
36:55 Scale Barding Armor
37:48 Gold Shaft Mining
37:59 Conscription
37:56 Paladin
40:40 Iron Casting
Connection lost

Rejoining the realm…

Still unreachable

The connection could not be restored.

Session expired

The server has moved on; the page needs a fresh start.